 Dungeon Crawl Stone Soup version bcrawl-1.32 (webtiles) character file.

Game seed: 17317971983569532340

235264 Morbidden the Sneak (level 8, 0/48 HPs)
             Began as a Jungle Stalker Archaeologist on June 25, 2021.
             Was a Follower of Vehumet.
             Slain by an orc
             ... wielding a +0 flail
              (2 damage)
             ... on level 5 of the Dungeon.
             The game lasted 00:08:43 (4851 turns).

Morbidden the Sneak (Jungle Stalker Archaeologist)  Turns: 4851, Time: 00:08:44

Health: 0/48       AC:  6    Str: 17    XL:     8   Next: 41%
Magic:  23/23      EV: 14    Int: 14    God:    Vehumet [*.....]
Gold:   309        SH:  0    Dex: 12    Spells: 14/14 levels left

rFire    + + .     SeeInvis .   a - +3 dagger
rCold    . . .     Gourm    .   (no shield)
rNeg     . . .     Faith    .   l - +0 leather armour {rF+}
rPois    +         Spirit   .   d - +1 hat
rElec    .         Reflect  .   (no cloak)
rCorr    .         Harm     .   (no gloves)
MR       .....                  m - +1 pair of boots
Stlth    +++.......             C - amulet of regeneration
HPRegen  1.25/turn              t - ring of magical power
MPRegen  0.18/turn              h - ring of Urulux {rF+ Slay+2}

@: lethally poisoned (0 -> -1), lightly drained
A: fangs 3, poison resistance, regeneration 1, acidic bite, no potion heal 3,
rot immunity, strong jaws
a: Renounce Religion


You were on level 5 of the Dungeon.
You worshipped Vehumet.
Vehumet was aware of your devotion.
You were not hungry.

You visited 1 branch of the dungeon, and saw 6 of its levels.

You collected 309 gold pieces.

Inventory:

Hand Weapons
 a - a +3 dagger (weapon)
 b - a +1 hunting sling
 A - a +0 blowgun
 B - a +0 scimitar
Missiles
 f - 3 curare-tipped needles
 s - 1470 sling bullets
 u - 226 poisoned needles
 w - 70 poisoned tomahawks (quivered)
Armour
 d - a +1 hat (worn)
 l - a +0 leather armour of fire resistance (worn)
 m - a +1 pair of boots (worn)
Jewellery
 h - the ring of Urulux (right hand) {rF+ Slay+2}
   (You acquired it on level 2 of the Dungeon)

   [ring of protection from fire]

   It affects your accuracy and damage with ranged weapons and melee attacks
   (+2).
   It protects you from fire.
 t - a ring of magical power (left hand)
 C - an amulet of regeneration (around neck)
Scrolls
 g - 4 scrolls of magic mapping
 i - a scroll of identify
 k - 7 scrolls of teleportation
 n - a scroll of enchant weapon
 o - 3 scrolls of remove curse
 v - 2 scrolls of enchant armour {unknown}
 y - a scroll of blinking {unknown}
 E - a scroll of amnesia {unknown}
 F - a scroll of noise {unknown}
Potions
 j - 2 potions of agility {unknown}
 p - a potion of lignification {unknown}
 q - a potion of heal wounds {unknown}
 r - a potion of flight {unknown}
 x - a potion of cancellation {unknown}
 z - a potion of berserk rage {unknown}
 D - a potion of haste {unknown}
Miscellaneous
 G - a box of beasts
Comestibles
 e - 5 rations {!d}


   Skills:
 * Level 4.3(4.2) Fighting
 + Level 2.4(2.3) Short Blades
   Level 0.8(0.7) Maces & Flails
 + Level 3.4(3.2) Slings
 + Level 1.1(1.0) Armour
 * Level 5.9(5.8) Dodging
 + Level 6.0(5.8) Stealth
 * Level 3.5(3.4) Spellcasting


You had 14 spell levels left.
You didn't know any spells.
Your spell library was empty.

Dungeon Overview and Level Annotations

Branches:
Dungeon (6/12)             Temple (0/1) D:5

Altars:
Ashenzari
Gozag
Nemelex Xobeh
Vehumet
Wu Jian

Shops:
D:5 !


Innate Abilities, Weirdness & Mutations

You have razor-sharp teeth.
Your system is resistant to poisons. (rPois)
Your natural rate of healing is unusually fast.
You have acidic saliva.
Potions cannot restore your health.
You are immune to rotting.
Your bites deal extra damage.


Message History

The shadow imp closely misses you. The orc closely misses you.
The worker ant bites you. The bullfrog misses you.
You hit the centaur but do no damage.
The centaur is lightly wounded.
You feel sick. The centaur misses you. The worker ant bites you!
You are more poisoned.
The worker ant poisons you! The shadow imp hits you.
The orc hits you with a +0 flail.
* * * LOW HITPOINT WARNING * * *
The centaur hits you.
* * * LOW HITPOINT WARNING * * *
The bullfrog hits you!
* * * LOW HITPOINT WARNING * * *
You barely miss the centaur.
The centaur is lightly wounded.
The worker ant closely misses you. The bullfrog barely misses you.
The centaur closely misses you. The shadow imp hits you.
* * * LOW HITPOINT WARNING * * *
The orc hits you with a +0 flail.
You die...

#.....................
#.#.#......##########.
#..........##......##.
#####......#.......##+
#......#.......##.
#).....'.......#..
##'######......#..
#5c....##......#..
#@a............#..
#oF............###
#......##......#..
#......##......#..
#......##......#..
#..............#..
#..............'..
#.....<........#..
#..............#..


You could see a bullfrog, a centaur, a worker ant, a shadow imp and an orc.

Vanquished Creatures
  A sky beast (D:4)
  2 necrophages
  An ogre (D:5)
  A phantom (D:5)
  A big kobold (D:5)
  A bullfrog (D:5)
  A wight (D:5)
  A crimson imp (D:5)
  A hound (D:4)
  A jelly (D:5)
  An orc priest (D:3)
  An orc wizard (D:4)
  An iguana (D:5)
  Natasha (thrice) (D:4)
  3 worker ants
  A hound zombie (D:5)
  7 gnolls
  7 adders
  A shadow imp (D:5)
  2 worms (D:2)
  A dart slug (D:1)
  A leopard gecko (D:5)
  14 orcs
  3 bats (D:2)
  A giant cockroach (D:2)
  4 goblins
  2 hobgoblins
  3 jackals (D:3)
  4 kobolds
  5 quokkas
  3 ball pythons
  3 frilled lizards
  A jackal skeleton (D:5)
  2 rats (D:2)
85 creatures vanquished.

Vanquished Creatures (others)
  A hobgoblin (D:2)
1 creature vanquished.

Grand Total: 86 creatures vanquished

Notes
Turn   | Place    | Note
-------+----------+-------------------------------------------
     0 | D:1      | Morbidden the Vine Stalker Archaeologist began the quest
                  | for the Orb.
     0 | D:1      | Reached XP level 1. HP: 11/11 MP: 2/2
   555 | D:1      | Reached XP level 2. HP: 16/16 MP: 3/3
  1068 | D:2      | Reached skill level 5 in Stealth
  1219 | D:2      | Reached skill level 1 in Fighting
  1311 | D:2      | Reached XP level 3. HP: 19/20 MP: 4/4
  1371 | D:2      | Found a radiant altar of Vehumet.
  1392 | D:2      | Became a worshipper of Vehumet
  1856 | D:3      | Found an ornate altar of the Wu Jian Council.
  2129 | D:3      | Found a sparkling altar of Nemelex Xobeh.
  2147 | D:3      | Reached XP level 4. HP: 10/26 MP: 5/5
  2766 | D:2      | Reached XP level 5. HP: 9/31 MP: 7/7
  2766 | D:2      | Identified a scroll of acquirement
  2889 | D:2      | Identified the ring of Urulux {rF+ Slay+2} (You acquired it
                  | on level 2 of the Dungeon)
  3058 | D:2      | Reached skill level 1 in Spellcasting
  3080 | D:3      | Reached skill level 1 in Short Blades
  3382 | D:4      | Gained mutation: You have razor-sharp teeth. [Vine Stalker
                  | growth]
  3382 | D:4      | Reached XP level 6. HP: 36/36 MP: 9/9
  3398 | D:4      | Reached * piety under Vehumet
  3398 | D:4      | Offered knowledge of Freeze by Vehumet.
  3549 | D:4      | Found a shattered altar of Ashenzari.
  3703 | D:4      | Noticed Natasha
  3718 | D:4      | Killed Natasha
  3753 | D:4      | Noticed Natasha
  3761 | D:4      | Killed Natasha
  3762 | D:4      | Reached skill level 5 in Dodging
  3763 | D:4      | Noticed a sky beast
  3798 | D:4      | Noticed Natasha
  3809 | D:4      | Killed Natasha
  3836 | D:4      | Killed a sky beast
  3837 | D:4      | Reached skill level 1 in Slings
  3838 | D:4      | Noticed a necrophage
  3846 | D:4      | Killed a necrophage
  3847 | D:4      | Reached XP level 7. HP: 41/41 MP: 11/11
  4009 | D:5      | Entered Level 5 of the Dungeon
  4016 | D:5      | Found an opulent altar of Gozag.
  4310 | D:5      | Gained mutation: You have acidic saliva. [Jungle Stalker
                  | growth]
  4310 | D:5      | Gained mutation: Your system is resistant to poisons.
                  | (rPois) [Jungle Stalker growth]
  4310 | D:5      | Reached XP level 8. HP: 37/48 MP: 13/13
  4325 | D:5      | Reached skill level 1 in Armour
  4519 | D:4      | Reached skill level 6 in Stealth
  4567 | D:5      | Found Nasib's Distillery.
  4655 | D:5      | Found a staircase to the Ecumenical Temple.
  4850 | D:5      | HP: 2/48 [bullfrog (11)]
  4851 | D:5      | Slain by an orc

Skill      XL: |  1  2  3  4  5  6  7  8 |
---------------+-------------------------+-----
Stealth        | 5 6 |  6.0
Fighting       | 1 2 3 4 |  4.3
Dodging        | 4 5 |  5.9
Spellcasting   | 1 2 3 |  3.5
Short Blades   | 1 2 |  2.4
Slings         | 1 2 3 |  3.4
Armour         | 1 |  1.1
Maces & Flails | |  0.8

Action                   |  1- 3 |  4- 6 |  7- 9 || total
-------------------------+-------+-------+-------++-------
Melee: Dagger            |   132 |   199 |   141 ||   472
       Whip              |     8 |       |       ||     8
       Bite              |    14 |    13 |    15 ||    42
 Fire: Blowgun           |    30 |     5 |       ||    35
       Hunting sling     |       |    33 |    45 ||    78
Evoke: Wand              |       |     3 |       ||     3
  Use: Scroll            |     2 |     3 |     4 ||     9
       Potion            |       |     1 |       ||     1
 Stab: Sleeping          |     9 |     2 |     2 ||    13
       Distracted        |       |     1 |       ||     1
       Paralysed         |       |     1 |       ||     1
  Eat: Chunk             |     5 |    11 |     8 ||    24
       Ration            |     1 |       |       ||     1
Armor: Robe              |    34 |    39 |       ||    73
       Leather armour    |       |     9 |    36 ||    45
Dodge: Dodged            |    74 |   132 |   135 ||   341
